 Dungeon Crawl Stone Soup version 0.28-a0-472-g50180c0d78 (webtiles) character file.

Game seed: 11035089613012671347

622 Dabor the Bolt Thrower (level 7, -1/55 HPs)
             Began as a Formicid Hunter on Sept 15, 2021.
             Was a Follower of Zin.
             Slain by Edmund (3 damage)
             ... on level 5 of the Dungeon.
             The game lasted 00:15:27 (6274 turns).

Dabor the Bolt Thrower (Formicid Hunter)            Turns: 6274, Time: 00:15:28

Health: -1/55      AC:  9    Str: 23    XL:     7   Next: 75%
Magic:  8/8        EV:  9    Int: 10    God:    Zin [*.....]
Gold:   96         SH:  5    Dex: 13    Spells: 6/6 levels left

rFire   . . .      SeeInvis +   z - +1 falchion (holy)
rCold   . . .      Faith    +   i - +1 buckler
rNeg    + . .      Spirit   .   d - +0 chain mail
rPois   .          Reflect  .   (helmet unavailable)
rElec   .          Harm     .   (no cloak)
rCorr   .          Rampage  .   (no gloves)
Will    .....                   c - +0 pair of boots
Stlth   ..........              w - amulet of faith
HPRegen 0.18/turn               t - ring of positive energy
MPRegen 0.11/turn               s - +6 ring of strength

@: no status effects
A: permanent stasis, dig shafts and tunnels, antennae 3, four strong arms
a: Dig, Shaft Self, Renounce Religion, Recite, Donate Gold


You were on level 5 of the Dungeon.
You worshipped Zin.
Zin was aware of your devotion.
You visited 1 branch of the dungeon, and saw 6 of its levels.

You collected 176 gold pieces.
You donated 80 gold pieces to Zin.

Inventory:

Hand Weapons
 a - a +2 hand crossbow
 z - a +1 falchion of holy wrath (weapon)
Missiles
 v - 20 bolts
 x - 24 poisoned darts (quivered)
Armour
 c - a +0 pair of boots (worn)
 d - a +0 chain mail (worn)
 i - a +1 buckler (worn)
Jewellery
 g - a ring of ice
 s - a +6 ring of strength (right hand)
 t - a ring of positive energy (left hand)
 w - an amulet of faith (around neck)
Wands
 m - a wand of flame (33)
 y - a wand of iceblast (7)
Scrolls
 h - a scroll of magic mapping
 n - a scroll of enchant weapon
Potions
 e - a potion of haste
 f - a potion of invisibility {unknown}
 k - a potion of heal wounds
 l - a potion of lignification {unknown}
 o - 3 potions of curing {unknown}
 p - a potion of brilliance {unknown}
 q - 3 potions of cancellation
 r - a potion of attraction
 u - a potion of magic {unknown}


   Skills:
 + Level 4.4 Fighting
 + Level 5.2 Crossbows
 + Level 1.7 Armour
 + Level 3.5 Dodging
 + Level 4.6 Stealth
 + Level 2.0 Shields
 + Level 2.0 Invocations


You had 6 spell levels left.
You didn't know any spells.
Your spell library contained the following spells:

 Spells                   Type           Power      Damage    Failure   Level
 Magic Dart               Conj           0%         1d3       98%         1
 Call Imp                 Summ           0%         N/A       99%         2
 Mephitic Cloud           Conj/Pois/Air  0%         N/A       100%        3


Dungeon Overview and Level Annotations

Branches:
Dungeon (6/15)
 Temple: D:4-7

Altars:
Gozag
Makhleb
Nemelex Xobeh
Ru
Wu Jian
Zin

Annotations:
D:4 Dowan; Duvessa
D:5 3 runed translucent doors, Edmund; PirateVox's ghost, novice GnSu; Shoker0090's ghost, amateur DsFi
D:6 Menkaure


Innate Abilities, Weirdness & Mutations

You cannot be hasted, slowed, berserked, paralysed or teleported.
You can dig through walls and to a lower floor.
You have a pair of large antennae on your head. (SInv)
Your four strong arms can wield two-handed weapons with a shield.


Message History

You hit Edmund.
Edmund is lightly wounded.
Edmund closely misses you. You block Edmund's attack.
Okay, then.
You hit Edmund.
Edmund is lightly wounded.
Edmund says, "I'm quite good with sums, too."
Edmund misses you.
You closely miss Edmund.
Edmund is lightly wounded.
Edmund barely misses you.
You hit Edmund but do no damage.
Edmund is lightly wounded.
Edmund hits you with a +0 vorpal dire flail! x2
Edmund grinds his teeth, and then sighs.
Found a book of Cantrips.
You are ready to recite again.
You clear your throat and prepare to recite. "And lo, the wrath of Zin did find..." "...them wherever they hid, and the squalid dregs..." "...were ousted for their contamination!"
You finish reciting Abominations 15:72.
Edmund barely misses you.
You are ready to recite again.
There is a stone staircase leading down here.
Edmund hits you but does no damage.
You climb downwards.
Menkaure shouts!
The gnoll sergeant shouts!
The gnoll shouts! x5
There is a stone staircase leading up here.
Edmund barely misses you.
The gnoll hits you but does no damage. x2
The gnoll sergeant hits you from afar with a +1 vorpal trident.
The gnoll barely misses you.
The gnoll hits you from afar with a +0 halberd!
* * * LOW HITPOINT WARNING * * *
You climb upwards.
Level annotation: 3 runed translucent doors, PirateVox's ghost, novice GnSu; Shoker0090's ghost, amateur DsFi
There is a stone staircase leading down here.
Edmund hits you with a +0 vorpal dire flail!
* * * LOW HITPOINT WARNING * * *
You die...

.#.###.#.####..............#.
...##..#.# ##.#.............#
.......#.# #...###.......###
..######.# ##..# ##.########
#......#.# #..# #.#####...
######.#.# #..# #.........
..<....#.# #..####.........
.........# #.....#.........
..##....## #@@##.#.#####...
..##....#######g>gO.#.# ..
..#######.O...####..#.# ..#
#.###O# ##..#.# ### #.#
#.###⌠.⌠..#
#########O###.##.._..<#
............#....⌠.⌠###
##......##O######..#
.###....###...# ##.#


You could see Edmund, an ogre and 2 gnolls.

Vanquished Creatures
  2 ogres (D:4)
  A phantom (D:5)
  A water moccasin skeleton (D:3)
  A bullfrog skeleton (D:5)
  Natasha (thrice) (D:2)
  2 iguanas (D:4)
  An orc wizard (D:4)
  3 gnolls (D:3)
  4 adders
  A worm (D:3)
  6 dart slugs
  7 orcs (D:4)
  3 ball pythons
  3 bats
  5 endoplasms
  2 giant cockroaches (D:2)
  5 hobgoblins
  5 jackals
  5 kobolds
  6 quokkas
  2 frilled lizards
  5 goblins
  6 rats
79 creatures vanquished.

Notes
Turn   | Place    | Note
-------+----------+-------------------------------------------
     0 | D:1      | Dabor the Formicid Hunter began the quest for the Orb.
     0 | D:1      | Reached XP level 1. HP: 16/16 MP: 1/1
   237 | D:1      | Reached XP level 2. HP: 23/23 MP: 2/2
   469 | D:1      | Reached XP level 3. HP: 28/28 MP: 3/3
   567 | D:1      | Found a faded altar of an unknown god.
  1151 | D:2      | Found a burning altar of Makhleb.
  1211 | D:2      | Noticed Natasha
  1216 | D:2      | Killed Natasha
  1217 | D:2      | Reached XP level 4. HP: 35/35 MP: 4/4
  1245 | D:2      | Noticed Natasha
  1248 | D:2      | Killed Natasha
  1458 | D:2      | Noticed Natasha
  1459 | D:2      | Killed Natasha
  1460 | D:2      | Reached XP level 5. HP: 36/41 MP: 5/5
  2177 | D:3      | Reached XP level 6. HP: 47/47 MP: 6/6
  2604 | D:4      | Found a glowing silver altar of Zin.
  2608 | D:4      | Became a worshipper of Zin the Law-Giver
  2608 | D:4      | Reached * piety under Zin
  2664 | D:4      | Reached skill level 5 in Crossbows
  2731 | D:4      | Found a sacrificial altar of Ru.
  3908 | D:4      | Noticed an ogre
  3958 | D:5      | Entered Level 5 of the Dungeon
  3979 | D:5      | Found a burning altar of Makhleb.
  4032 | D:5      | Reached skill level 1 in Armour
  4032 | D:5      | Reached skill level 1 in Shields
  4032 | D:5      | Reached skill level 1 in Invocations
  4032 | D:5      | Reached XP level 7. HP: 32/54 MP: 7/7
  4032 | D:5      | Donated 63 gold pieces to Zin
  4289 | D:5      | Found an opulent altar of Gozag.
  4354 | D:5      | Found an ornate altar of the Wu Jian Council.
  4532 | D:5      | Found a runed translucent gate.
  4533 | D:5      | Found a runed translucent gate.
  4534 | D:5      | Found a runed translucent gate.
  4534 | D:5      | Noticed Shoker0090's ghost (amateur DsFi)
  4534 | D:5      | Noticed PirateVox's ghost (novice GnSu)
  4566 | D:5      | Found a sparkling altar of Nemelex Xobeh.
  5415 | D:5      | Noticed Dowan
  5416 | D:5      | Noticed Duvessa
  6220 | D:5      | Noticed Edmund
  6271 | D:6      | Noticed Menkaure
  6274 | D:5      | HP: 2/55 [Edmund (12)]
  6274 | D:5      | Slain by Edmund

Illustrated notes

Levels and vault maps discovered:
D:1:      onia_arrival_mini_maze, layout_basic,
          shapermc_ecumenical_altar_mp_highgroup
D:2:      layout_basic, basic_altar, minmay_hedge_maze, uniq_natasha
D:3:      layout_loops_cross, kennysheep_generic_room_14
D:4:      layout_loops_corners, hangedman_ru_absence, zin_scriptorium,
          grunt_ministairs_5
D:5:      layout_basic, nicolae_overflow_crystal_walls, kennysheep_little_box,
          nemelex_xobeh_ov_fountains_minmay, nzn_wu_jian_contemplation,
          gammafunk_ghost_cemetery, minivault_19, chequers_arboretum,
          serial_park_tiny_2, uniq_edmund, uniq_duvessa
D:6:      layout_basic, mainiacjoe_overflow_paths, fedhas_altar_2, uniq_menkaure

Skill      XL: |  1  2  3  4  5  6  7 |
---------------+----------------------+-----
Dodging        | 2 3 |  3.5
Stealth        | 2 3 4 |  4.6
Fighting       | 3 4 |  4.4
Crossbows      | 5 |  5.2
Armour         | 1 |  1.7
Shields        | 1 2 |  2.0
Invocations    | 1 2 |  2.0

Action                   |  1- 3 |  4- 6 |  7- 9 || total
-------------------------+-------+-------+-------++-------
Melee: Short sword       |       |   101 |       ||   101
       Falchion          |       |       |    31 ||    31
 Fire: Hand crossbow     |    53 |    82 |    24 ||   159
Invok: Recite            |       |       |     2 ||     2
       Donate Gold       |       |       |     1 ||     1
 Abil: Dig               |       |       |     1 ||     1
  Use: Scroll            |     1 |     7 |     3 ||    11
       Potion            |       |     1 |     1 ||     2
Armor: Leather armour    |     1 |       |       ||     1
       Ring mail         |       |    20 |       ||    20
       Chain mail        |       |    13 |    25 ||    38
Dodge: Dodged            |     5 |    47 |    31 ||    83
Block: Buckler           |       |    23 |    12 ||    35

Table legend: (Time is in decaauts)
 A = Elapsed time spent in this place.
 B = Non-inter-level travel time spent in this place.
 C = Inter-level travel time spent in this place.
 D = Time resting spent in this place.
 E = Time spent auto-exploring this place.
 F = Levels seen in this place.
 G = Mean time per level.
                   A        B        C        D        E       F      G
               +--------+--------+--------+--------+--------+-----+--------+
         Total |   6350 |   6145 |    205 |   1663 |   3269 |   6 | 1058.3 |
       Dungeon |   6350 |   6145 |    205 |   1663 |   3269 |   6 | 1058.3 |
               +--------+--------+--------+--------+--------+-----+--------+

Top non-repeatable levels by time:
     D:4: 2365 daAuts
     D:5: 1152 daAuts
     D:3: 1140 daAuts
     D:1: 1059 daAuts
     D:2: 630 daAuts
     D:6: 1 daAuts
